 Dungeon Crawl Stone Soup version 0.22.1-6-g1668fe2 (webtiles) character file.

169183 Fang the Severer (level 17, -2/174 HPs)
             Began as a Gargoyle Berserker on Jan 17, 2019.
             Was a High Priest of Trog.
             Slain by a spriggan rider
             ... wielding a +0 spear
              (10 damage)
             ... on level 4 of the Swamp on Jan 22, 2019.
             The game lasted 01:00:45 (31379 turns).

Fang the Severer (Gargoyle Berserker)              Turns: 31379, Time: 01:00:46

Health: -2/174     AC: 40    Str: 31    XL:     17   Next: 96%
Magic:  17/17      EV: 11    Int: 15    God:    Trog [*****.]
Gold:   1109       SH:  0    Dex:  7    Spells: 16/16 levels left

rFire    + . .     SeeInvis .   i - +0 war axe (flame)
rCold    + . .     Gourm    +   (no shield)
rNeg     + . .     Faith    .   O - +2 gold dragon scales "Geol" {rPois rF+ rC+ Int+3 Stlth-}
rPois    ∞         Spirit   .   S - +1 hat {MR+}
rElec    +         Reflect  .   b - scarf {repulsion}
rCorr    .         Harm     .   (no gloves)
MR       ++...                  (no boots)
Stlth    ..........             G - amulet of the gourmand
HPRegen  0.39/turn              k - +6 ring of evasion
MPRegen  0.15/turn              H - +3 ring of protection

@: berserking (expiring), marked, grasped by roots, repel missiles, slow
A: big wings, claws 1, repulsion field 1, molten scales 1, clever 1, clumsy 1,
negative energy resistance 1, electricity resistance, unbreathing, petrification
resistance, rot immunity, AC +12
a: Fly, Berserk, Trog's Hand, Brothers in Arms, Renounce Religion


You were on level 4 of the Swamp.
You worshipped Trog.
Trog was extremely pleased with you.
You were full.

You visited 5 branches of the dungeon, and saw 28 of its levels.
You also visited: Labyrinth and Sewer.

You collected 1912 gold pieces.
You spent 803 gold pieces at shops.

Inventory:

Hand Weapons
 e - the +9 battleaxe of Prudence {holy, rF+ Int+3}
   (Trog gifted it to you on level 2 of the Lair of Beasts)

   It has been blessed by the Shining One to cause great damage to the undead
   and demons.
   It affects your intelligence (+3).
   It protects you from fire.
 i - a +0 war axe of flaming (weapon)
 C - a +1 war axe of draining
 R - a +5 war axe of electrocution
 T - the +5 broad axe "Nonlol" {freeze, Int+6}
   (You took it off a frost giant on level 14 of the Dungeon)

   It has been specially enchanted to freeze those struck by it, causing extra
   injury to most foes and up to half again as much damage against particularly
   susceptible opponents.
   It can also slow down cold-blooded creatures.
   It affects your intelligence (+6).
 U - a +4 antimagic executioner's axe
Armour
 b - a scarf of repulsion (worn)
 t - a +2 plate armour
 O - the +2 gold dragon scales "Geol" (worn) {rPois rF+ rC+ Int+3 Stlth-}
   (You found it on level 6 of the Lair of Beasts)

   It affects your intelligence (+3).
   It protects you from fire.
   It protects you from cold.
   It protects you from poison.
   It makes you less stealthy.
 S - a +1 hat of magic resistance (worn)
Jewellery
 k - a +6 ring of evasion (left claw)
 v - an uncursed ring of protection from fire
 A - an uncursed ring of protection from magic
 G - an amulet of the gourmand (around neck)
 H - a +3 ring of protection (right claw)
 K - a +6 ring of dexterity
 N - an uncursed amulet of guardian spirit
Wands
 f - a wand of random effects (53)
 l - a wand of enslavement (54)
 m - a wand of disintegration (37)
 o - a wand of flame (60)
 q - a wand of paralysis (35)
 s - a wand of digging (8)
 w - a wand of polymorph (50)
 B - a wand of iceblast (26)
 D - a wand of acid (15)
 F - a wand of clouds (12)
 V - a wand of scattershot (5)
Scrolls
 a - a scroll of holy word
 d - 9 scrolls of remove curse
 h - 9 scrolls of teleportation
 n - 3 scrolls of blinking
 u - 3 scrolls of fog
 y - 7 scrolls of identify
 I - 2 scrolls of fear
 L - 5 scrolls of magic mapping
 P - a scroll of brand weapon
 W - a scroll of enchant weapon
 Y - a scroll of enchant armour
Potions
 g - a potion of heal wounds
 j - 9 potions of curing
 p - 8 potions of agility
 r - 2 potions of lignification
 x - 3 potions of ambrosia
 z - 5 potions of haste
 E - a potion of magic
 J - 3 potions of resistance
 M - 3 potions of berserk rage
 Q - 3 potions of might
 X - a potion of cancellation
Comestibles
 c - 39 rations


   Skills:
 + Level 16.5 Fighting
 + Level 19.4 Axes
 + Level 13.3 Armour
 + Level 4.8 Dodging
 + Level 8.5 Stealth


You had 16 spell levels left.
You didn't know any spells.
Your spell library was empty.

Dungeon Overview and Level Annotations

Branches:
Dungeon (15/15)            Temple (1/1) D:5            Lair (6/6) D:8
  Swamp (4/4) Lair:4       Spider (0/4) Lair:2        Slime (0/5) Lair:5
    Orc (2/2) D:12            Elf (0/3) Orc:2        Vaults (0/5) D:13
 Depths (0/5) D:15

Altars:
Ashenzari
Cheibriados
Dithmenos
Elyvilon
Fedhas
Gozag
Hepliaklqana
Makhleb
Nemelex Xobeh
Okawaru
Qazlal
Ru
Sif Muna
Trog
Vehumet
Wu Jian
Xom
Yredelemnul
Beogh
Jiyva

Shops:
D:6 !(=[   D:7 :   D:11 *   D:13 !   D:15 *   Orc:2 *%*[(=

Annotations:
Lair:1 2 transporters
Lair:4 exclusion: oklob plant


Innate Abilities, Weirdness & Mutations

You are resistant to torment.
Your stone body is resilient. (AC +12)
You are immune to poison.
Your large and strong wings let you fly indefinitely.
You resist negative energy. (rN+)
You are resistant to electric shocks. (rElec)
You can survive without breathing.
You are immune to petrification.
You are immune to rotting.
You have sharp fingernails.
You are surrounded by a mild repulsion field. (EV +2)
You are partially covered in molten scales. (AC +2)
Your mind is acute. (Int +2)
You are clumsy. (Dex -2)


Message History

The swamp dragon claws you but does no damage.
The swamp dragon tramples you but does no damage.
The alligator bites you but does no damage.
The alligator misses you.
The alligator bites you but does no damage.
The alligator tail-slaps you but does no damage.
The spriggan rider hits you but does no damage.
Your unstable footing causes you to fumble your attack.
Your iron troll bites the swamp dragon!
Your iron troll claws the swamp dragon!!
Your iron troll barely misses the swamp dragon.
The swamp dragon bites you but does no damage.
The swamp dragon claws you but does no damage.
The swamp dragon barely misses you.
The alligator bites you but does no damage.
The alligator closely misses you.
The spriggan rider hits you but does no damage.
The shambling mangrove hits you but does no damage.
The spriggan rider hits you from afar with a spear!
You die...

≈.♣♣♣♣♣≈≈≈♣≈.≈≈♣
♣.<.≈♣≈≈≈≈≈≈.♣♣♣
♣♣♣♣≈≈.≈≈≈≈≈≈≈♣≈♣
♣♣...≈≈≈♣≈≈≈≈≈≈.♣♣
♣.≈.≈≈≈≈♣≈≈≈≈♣♣♣♣
≈≈..≈≈≈w♣♣≈≈♣♣ ≈
♣DD≈T.≈≈.≈.♣
≈§≈.♣♣nfD≈...≈≈.♣
i≈.≈.§t@D≈.^≈§.♣♣
≈?♣♣.≈†tt≈≈.♣♣♣♣
♣.≈iii≈≈≈≈♣
♣≈≈≈..≈≈.♣♣
≈≈≈≈≈≈≈$≈♣♣
.≈≈≈≈≈≈≈≈♣♣
.≈≈≈....♣♣
...≈§.♣♣♣


You could see a shambling mangrove, 3 alligators, 4 swamp dragons, a tyrant
leech, 3 spriggan riders, a spriggan druid, a bog body and a friendly iron troll
(berserk).

Vanquished Creatures
  Gastronok (D:12)
  3 thorn hunters (Swamp:2)
  Agnes (D:14)
  Kirke (D:14)
  A frost giant (D:14)
  Louise (D:14)
  A deep elf sorcerer (D:15)
  A very ugly thing (Swamp:2)
  Nessos (D:15)
  A minotaur (Lab)
  Josephine (D:13)
  Erolcha (D:10)
  8 vault guards (D:13)
  Fannar (Orc:1)
  14 hydras
  A catoblepas (Lair:6)
  A ghost crab (Swamp:2)
  5 centaur warriors
  9 alligators
  A two-headed ogre (D:15)
  A tengu warrior (D:14)
  An orc high priest (Orc:2)
  Urug (Orc:2)
  Sonja (D:10)
  A deep elf knight (D:15)
  3 unseen horrors (D:15)
  2 spriggan druids
  2 deep elf archers (D:15)
  6 swamp dragons
  2 shambling mangroves (Swamp:3)
  A necromancer (D:15)
  3 deep elf magi
  An ugly thing (D:13)
  2 orc knights (Orc:2)
  An orc sorcerer (Orc:2)
  7 cyclopes
  2 manticores
  3 naga magi (D:15)
  11 elephants
  Maurice (D:13)
  2 centaur zombies
  Joseph (D:8)
  5 black mambas
  3 centaur skeletons (D:15)
  7 gargoyles
  30 spiny frogs
  A kobold demonologist (D:12)
  A rime drake (Lair:3)
  5 yaktaurs (D:15)
  An efreet (D:15)
  6 komodo dragons
  A komodo dragon (shapeshifter) (D:15)
  A tengu conjurer (D:14)
  2 trolls
  18 tyrant leeches
  13 hornets
  2 polar bears
  12 blink frogs
  12 slime creatures
  7 bog bodies
  9 hippogriffs
  A centaur simulacrum (D:15)
  A shadow (D:13)
  5 spriggans
  27 yaks
  A vampire (D:13)
  3 redbacks (Lair:2)
  2 wyverns
  Sigmund (D:2)
  4 wraiths (D:13)
  A steam dragon (D:9)
  A human (D:7)
  2 basilisks
  7 hogs
  25 vampire mosquitoes
  2 hungry ghosts
  Menkaure (D:7)
  A warg (Orc:2)
  26 insubstantial wisps
  15 swamp worms
  8 water moccasins
  3 soldier ants
  An acid dragon (D:14)
  8 swamp drakes
  6 porcupines
  A hornet zombie (D:12)
  A black bear (D:6)
  7 ice beasts
  26 orc warriors
  11 sky beasts
  2 necrophages
  2 phantoms (D:9)
  14 centaurs
  9 ogres
  3 big kobolds
  6 crocodiles
  23 bullfrogs
  2 scorpions
  11 killer bees
  6 wights
  A howler monkey (D:9)
  A bullfrog zombie (D:5)
  10 crimson imps
  A quasit (D:7)
  2 jellies
  13 orc wizards
  23 orc priests
  5 hounds
  A bullfrog skeleton (D:10)
  2 iguanas
  12 worker ants
  3 hound skeletons
  A worker ant zombie (D:10)
  A howler monkey zombie (D:6)
  11 adders
  11 gnolls
  A howler monkey skeleton (D:6)
  2 river rats (Sewer)
  5 shadow imps
  An ooze (D:2)
  2 adder skeletons (D:8)
  2 worms
  A dart slug (D:3)
  4 leopard geckos
  78 orcs
  4 bats
  7 giant cockroaches
  5 goblins
  4 hobgoblins (D:2)
  12 jackals
  7 quokkas
  2 ball pythons
  7 frilled lizards
  10 kobolds
  A leopard gecko zombie (D:5)
  5 rats
  6 briar patches (Swamp:2)
  2 fungi
  2 plants
789 creatures vanquished.

Vanquished Creatures (collateral kills)
  Saint Roka (Orc:2)
  An orc warlord (Orc:2)
  Snorg (D:13)
  3 hydras
  A ghost crab (Swamp:2)
  An alligator (Swamp:2)
  2 spriggans (Swamp:2)
  A swamp dragon (Swamp:2)
  An orc knight (Orc:2)
  An orc sorcerer (Orc:2)
  4 elephants (Lair:6)
  A tyrant leech (Swamp:2)
  2 hornets (Swamp:2)
  A blink frog (Lair:6)
  2 vampire mosquitoes (Swamp:2)
  2 swamp worms
  A water moccasin (Lair:6)
  5 orc warriors (Orc:2)
  A crocodile (Lair:2)
  2 orc wizards (Orc:2)
  4 orc priests (Orc:2)
  4 orcs (Orc:2)
42 creatures vanquished.

Vanquished Creatures (others)
  A spriggan druid (Swamp:3)
  A rime drake (D:14)
  An orc (D:13)
  2 briar patches (Swamp:2)
  15 fungi (Lair:6)
  41 plants
  8 toadstools (Lair:4)
69 creatures vanquished.

Grand Total: 900 creatures vanquished

Notes
Turn   | Place    | Note
-------+----------+-------------------------------------------
     0 | D:1      | Fang the Gargoyle Berserker began the quest for the Orb.
     0 | D:1      | Reached XP level 1. HP: 14/14 MP: 1/1
   213 | D:1      | Reached XP level 2. HP: 15/19 MP: 2/2
   279 | D:1      | Reached skill level 3 in Axes
   291 | D:1      | You fall through a shaft!
   297 | D:2      | Noticed Sigmund
   305 | D:2      | Killed Sigmund
   305 | D:2      | Reached skill level 4 in Axes
   305 | D:2      | Reached XP level 3. HP: 4/24 MP: 3/3
   305 | D:2      | Reached XP level 4. HP: 5/30 MP: 4/4
   305 | D:2      | Reached XP level 5. HP: 6/34 MP: 5/5
  1086 | D:2      | Reached ** piety under Trog
  1442 | D:2      | Reached XP level 6. HP: 28/39 MP: 6/6
  1535 | D:3      | Found a radiant altar of Vehumet.
  1537 | D:3      | Found an ornate altar of the Wu Jian Council.
  1652 | D:3      | Found a glowing drain.
  1752 | Sewer    | Entered a sewer
  2092 | Sewer    | Reached skill level 5 in Axes
  2360 | Sewer    | Found a glowing silver altar of Zin.
  2469 | D:3      | Reached skill level 5 in Fighting
  2564 | D:3      | Reached XP level 7. HP: 38/44 MP: 7/7
  3059 | D:3      | Reached skill level 1 in Stealth
  3202 | D:4      | Reached *** piety under Trog
  3490 | D:4      | Found a radiant altar of Vehumet.
  3902 | D:4      | Reached skill level 6 in Axes
  4052 | D:5      | Entered Level 5 of the Dungeon
  4087 | D:5      | Found a shattered altar of Ashenzari.
  4180 | D:5      | Found an opulent altar of Gozag.
  4235 | D:5      | Reached XP level 8. HP: 47/50 MP: 8/8
  4353 | D:5      | Found a burning altar of Makhleb.
  4354 | D:5      | Found a shimmering altar of Xom.
  4372 | D:5      | Found a staircase to the Ecumenical Temple.
  4384 | Temple   | Entered the Ecumenical Temple
  4583 | D:6      | Found a hazy altar of Hepliaklqana.
  4591 | D:6      | Reached skill level 7 in Axes
  4775 | D:6      | Reached **** piety under Trog
  4838 | D:6      | Found Sixar's Weapon Emporium.
  4846 | D:6      | Found Futono's Jewellery Boutique.
  4895 | D:6      | Noticed a cyclops
  4914 | D:6      | Killed a cyclops
  4914 | D:6      | Reached skill level 8 in Axes
  4914 | D:6      | Reached XP level 9. HP: 55/55 MP: 9/9
  5313 | D:6      | Reached skill level 9 in Axes
  5368 | D:6      | Found Jumoucio's Antique Armour Boutique.
  5413 | D:6      | Found Cefaor's Distillery.
  6062 | D:7      | Reached ***** piety under Trog
  6572 | D:7      | Found Xukke's Book Boutique.
  6600 | D:7      | Noticed Menkaure
  6611 | D:7      | Killed Menkaure
  6829 | D:7      | Reached skill level 10 in Axes
  6835 | D:7      | Reached XP level 10. HP: 63/63 MP: 10/10
  6839 | D:7      | Reached skill level 5 in Armour
  7481 | D:8      | Noticed Joseph
  7503 | D:8      | Killed Joseph
  7842 | D:8      | Found a staircase to the Lair.
  8127 | D:8      | Noticed a seven-headed hydra
  8135 | D:8      | Killed a seven-headed hydra
  8135 | D:8      | Reached skill level 11 in Axes
  9401 | D:9      | Reached XP level 11. HP: 56/69 MP: 11/11
  9409 | D:9      | Reached skill level 10 in Fighting
  9409 | D:9      | Reached skill level 12 in Axes
  9409 | D:9      | Reached XP level 12. HP: 65/78 MP: 12/12
  9801 | Lair:1   | Entered Level 1 of the Lair of Beasts
  9995 | Lair:1   | Found a transporter.
 10374 | Lair:1   | Found a transporter.
 10591 | Lair:2   | Found a hole to the Spider Nest.
 10794 | Lair:2   | Noticed a seven-headed hydra
 10806 | Lair:2   | Killed a ten-headed hydra
 10806 | Lair:2   | Reached skill level 13 in Axes
 10905 | Lair:2   | Received a gift from Trog
 10934 | Lair:2   | Got an ivory battleaxe {god gift}
 10935 | Lair:2   | Identified the +9 battleaxe of Prudence {holy, rF+ Int+3}
                  | (Trog gifted it to you on level 2 of the Lair of Beasts)
 11179 | Lair:2   | You fall through a shaft!
 12227 | Lair:4   | Found a staircase to the Swamp.
 12617 | Lair:4   | Reached skill level 14 in Axes
 12617 | Lair:4   | Reached XP level 13. HP: 71/84 MP: 13/13
 12742 | Lair:4   | Found a blossoming altar of Fedhas.
 13177 | Lair:5   | Found a viscous altar of Jiyva.
 13177 | Lair:5   | Found a staircase to the Slime Pits.
 13675 | Lair:6   | Entered Level 6 of the Lair of Beasts
 14592 | Lair:6   | Received a gift from Trog
 14660 | Lair:6   | Reached skill level 15 in Axes
 14813 | Lair:6   | Reached skill level 10 in Armour
 15098 | Lair:6   | Gained mutation: Your large and strong wings let you fly
                  | indefinitely. [Gargoyle growth]
 15098 | Lair:6   | Reached XP level 14. HP: 14/92 MP: 14/14
 16070 | Lair:6   | Identified the Handbook of Unstable Cold
 16083 | Lair:6   | Got ancient gold dragon scales
 16094 | Lair:6   | Identified the +2 gold dragon scales "Geol" {rPois rF+ rC+
                  | Int+3 Stlth-} (You found it on level 6 of the Lair of
                  | Beasts)
 16551 | D:10     | Entered Level 10 of the Dungeon
 16665 | D:10     | Noticed Sonja
 16691 | D:10     | Killed Sonja
 17124 | D:10     | Noticed Erolcha
 17135 | D:10     | Killed Erolcha
 17813 | D:11     | Found Ririf's Retail Resort.
 17821 | D:11     | Gained mutation: You have sharp fingernails. [potion of
                  | mutation]
 17821 | D:11     | Gained mutation: Your magical capacity is low. (-10% MP)
                  | [potion of mutation]
 17821 | D:11     | Gained mutation: You are partially covered in molten
                  | scales. (AC +2) [potion of mutation]
 18001 | D:11     | Received a gift from Trog
 18119 | D:11     | Reached skill level 16 in Axes
 18641 | D:12     | Found a staircase to the Orcish Mines.
 18641 | D:12     | Noticed Gastronok
 18654 | D:12     | Killed Gastronok
 19642 | D:13     | Found a labyrinth entrance.
 19658 | Lab      | Entered a labyrinth
 19831 | Lab      | Identified the Papyrus of Darkness
 19831 | Lab      | Identified the Volume of Unstable Transmigration
 19986 | D:13     | Noticed Snorg
 20009 | D:13     | Killed Snorg
 20290 | D:13     | Noticed Josephine
 20304 | D:13     | Killed Josephine
 20409 | D:13     | Found Toosuser's Distillery.
 20410 | D:13     | Lost mutation: Your magical capacity is low. (-10% MP)
                  | [potion of mutation]
 20410 | D:13     | Gained mutation: Your mind is acute. (Int +2) [potion of
                  | mutation]
 20410 | D:13     | Gained mutation: You are clumsy. (Dex -2) [potion of
                  | mutation]
 20410 | D:13     | Gained mutation: You are surrounded by a mild repulsion
                  | field. (EV +2) [potion of mutation]
 20422 | D:13     | Bought a potion of experience for 700 gold pieces
 20422 | D:13     | Bought a potion of heal wounds for 70 gold pieces
 20422 | D:13     | Reached XP level 15. HP: 100/100 MP: 13/15
 20677 | D:13     | Found a gate to the Vaults.
 20694 | D:13     | Reached skill level 17 in Axes
 20700 | D:13     | Reached XP level 16. HP: 99/106 MP: 16/16
 20918 | D:13     | Noticed Maurice
 20929 | D:13     | Killed Maurice
 21085 | D:14     | Received a gift from Trog
 21102 | D:14     | Got the broad axe "Nonlol" {freeze}
 21103 | D:14     | Identified the +5 broad axe "Nonlol" {freeze, Int+6} (You
                  | took it off a frost giant on level 14 of the Dungeon)
 21224 | D:14     | Noticed Louise
 21252 | D:14     | Killed Louise
 21312 | D:14     | Found an iron altar of Okawaru.
 21327 | D:14     | Noticed Agnes
 21344 | D:14     | Killed Agnes
 21799 | D:14     | Found a roughly hewn altar of Beogh.
 21872 | D:14     | Noticed Kirke
 21885 | D:14     | Killed Kirke
 22022 | D:15     | Entered Level 15 of the Dungeon
 22209 | D:15     | Found a staircase to the Depths.
 22634 | D:15     | Reached skill level 18 in Axes
 23031 | D:15     | Noticed Nessos
 23037 | D:15     | Received a gift from Trog
 23050 | D:15     | Killed Nessos
 23119 | D:15     | Found Ostaof's Demolitions Depot.
 23564 | D:15     | Reached skill level 15 in Fighting
 23827 | Orc:1    | Entered Level 1 of the Orcish Mines
 23845 | Orc:1    | Noticed Fannar
 23861 | Orc:1    | Killed Fannar
 24089 | Orc:2    | Entered Level 2 of the Orcish Mines
 24095 | Orc:2    | Reached ****** piety under Trog
 24176 | Orc:2    | Found a staircase to the Elven Halls.
 24190 | Orc:2    | Found Ockuot's General Store.
 24201 | Orc:2    | Bought a scroll of teleportation for 33 gold pieces
 24424 | Orc:2    | Found Unulumu's Food Shop.
 24498 | Orc:2    | Noticed Saint Roka
 24921 | Orc:2    | Killed Saint Roka
 24934 | Orc:2    | Reached XP level 17. HP: 53/113 MP: 17/17
 25242 | Orc:2    | Noticed Urug
 25247 | Orc:2    | Found a roughly hewn altar of Beogh.
 25250 | Orc:2    | Killed Urug
 25745 | Orc:2    | Found Doinuhirgh's General Store.
 25749 | Orc:2    | Found Caafeseu's Antique Weapon Shop.
 25752 | Orc:2    | Found Utoyf's Jewellery Shop.
 26352 | Orc:2    | Found Kudutz's Antique Armour Shop.
 26728 | Swamp:1  | Entered Level 1 of the Swamp
 27880 | Swamp:1  | Received a gift from Trog
 28207 | Swamp:2  | Reached skill level 19 in Axes
 29537 | Swamp:2  | Received a gift from Trog
 31339 | Swamp:4  | Entered Level 4 of the Swamp
 31378 | Swamp:4  | HP: 8/174 [swamp dragon (1)]
 31379 | Swamp:4  | Slain by a spriggan rider

Skill      XL: |  1  2  3  4  5  6  7  8  9 10 11 12 13 14 15 16 17 |
---------------+----------------------------------------------------+-----
Axes           | 4 5 6 8 10 11 12 14 15 16 17 18 19 | 19.4
Fighting       | 4 5 6 7 8 10 11 12 13 14 15 16 | 16.5
Dodging        | 2 3 4 |  4.8
Stealth        | 1 2 3 7 8 |  8.5
Armour         | 4 6 8 10 11 13 | 13.3

Action                   |  1- 3 |  4- 6 |  7- 9 | 10-12 | 13-15 | 16-18 || total
-------------------------+-------+-------+-------+-------+-------+-------++-------
Melee: Hand axe          |    45 |   100 |       |       |       |       ||   145
       War axe           |       |    78 |   425 |   377 |   459 |   420 ||  1759
       Battleaxe         |       |       |       |   100 |   308 |   641 ||  1049
Invok: Berserk           |     1 |     4 |     7 |     2 |     6 |     7 ||    27
       Brothers in Arms  |       |       |       |     3 |     5 |     5 ||    13
 Abil: Fly               |       |       |       |       |     1 |       ||     1
  Use: Scroll            |       |       |    11 |    14 |    12 |     8 ||    45
       Potion            |       |       |       |     2 |     9 |     4 ||    15
 Stab: Sleeping          |       |     1 |     4 |       |       |       ||     5
       Held in net/web   |       |       |       |     2 |       |       ||     2
       Distracted        |       |       |       |       |       |     1 ||     1
       Confused          |       |       |       |       |       |     2 ||     2
  Eat: Chunk             |       |     9 |    13 |    14 |    51 |    40 ||   127
       Ration            |       |       |     2 |     3 |       |       ||     5
Armor: Animal skin       |    20 |    74 |    64 |       |       |       ||   158
       Plate armour      |       |       |    90 |   266 |   275 |       ||   631
       Gold dragon scale |       |       |       |       |   271 |   806 ||  1077
Dodge: Dodged            |    34 |   141 |   375 |   385 |   568 |   730 ||  2233
       Deflected         |       |       |       |     3 |    37 |    52 ||    92
